 Dungeon Crawl Stone Soup version 0.31.0-12-g77e489cdc1 (webtiles) character file.

Game seed: 8101419535900103344

1595502 shadowrider38 the Cloud Mage (level 24, 188/188 (193) HPs)
             Began as a Barachi Earth Elementalist on Feb 8, 2024.
             Was an Elder of Sif Muna.
             Escaped with the Orb
             ... and 3 runes on Feb 13, 2024!
             The game lasted 02:19:58 (66581 turns).

shadowrider38 the Cloud Mage (BaEE)                Turns: 66581, Time: 02:19:59

HP:   188/188 (193) AC: 17    Str:  9 (10) XL:     24   Next: 72%
MP:   43/43         EV: 12    Int: 42 (43) God:    Sif Muna [****..]
Gold: 2373          SH: 18    Dex: 14      Spells: 2/55 levels left

rFire   + + .        a - staff "Cunn" {Int+4 Dex-3 SInv Conj Alchemy}
rCold   + . .        h - +5 kite shield {Donald}
rNeg    + . .        O - +3 leather armour {rC+ rF+}
rPois   .            s - +0 helmet of Muttered Phrases {Int+6}
rElec   +            G - +1 cloak of Xonlejio {Regen+ Int+2}
rCorr   .            y - +0 pair of gloves "Votur" {rF+ Int+4}
SInv    +            W - +2 pair of boots {Fly}
Will    +++..        d - amulet of magic regeneration
Stlth   +            m - ring of Pacufar {rElec rN+ Int+3 Dex+3}
HPRegen 1.31/turn    f - ring "Ciolo" {Will++ AC+4, =R}
MPRegen 0.68/turn

%: no passive effects
@: unable to hop, flying, hasted, lightly drained, quick
A: amphibious, slowness 1, strong legs 2, +LOS, clumsy 1, deformed body,
deterioration 1, inability to read after injury 1
0: Orb of Zot
}: 3/15 runes: serpentine, barnacled, slimy
a: Hop, Renounce Religion, Channel Magic, Forget Spell, Divine Exegesis


You escaped.
You worshipped Sif Muna.
Sif Muna was greatly pleased with you.
You visited 11 branches of the dungeon, and saw 51 of its levels.
You visited 2 bazaars.
You also visited: Gauntlet, Ice Cave and Volcano.

You collected 5842 gold pieces.
You spent 3469 gold pieces at shops.

Inventory:

Hand Weapons
 v - the +9 mace of Nabop {heavy, rF+ rC+ rN+}
   (You found it on level 2 of the Vaults)

   rF+:       It protects you from fire.
   rC+:       It protects you from cold.
   rN+:       It protects you from negative energy.
Missiles
 F - 4 curare-tipped darts
 Z - 4 throwing nets
Armour
 h - a +5 kite shield (worn) {Donald}
 r - the +6 faerie dragon scales {*Slow Will+ Regen+ rCorr Str+4}
   (You took it off the Enchantress on level 2 of the Depths)

   Str+4:     It affects your strength (+4).
   Will+:     It increases your willpower.
   Regen+:    It increases your rate of health regeneration.
   rCorr:     It protects you from acid and corrosion.
   *Slow:     It may slow you when you take damage.
 s - the +0 helmet of Muttered Phrases (worn) {Int+6}
   (You bought it in a shop in a bazaar)

   Int+6:     It affects your intelligence (+6).
 y - the +0 pair of gloves "Votur" (worn) {rF+ Int+4}
   (You acquired it on level 4 of the Lair of Beasts)

   Int+4:     It affects your intelligence (+4).
   rF+:       It protects you from fire.
 E - a scarf of resistance
 G - the +1 cloak of Xonlejio (worn) {Regen+ Int+2}
   (You found it in a Gauntlet)

   Int+2:     It affects your intelligence (+2).
   Regen+:    It increases your rate of health regeneration.
 O - a +3 leather armour of resistance (worn)
 W - a +2 pair of boots of flying (worn)
Magical Staves
 a - the staff "Cunn" (weapon) {Int+4 Dex-3 SInv Conj Alchemy}
   (You acquired it on level 12 of the Dungeon)

   [staff of conjuration]

   Base accuracy: +5 Base damage: 5 Base attack delay: 1.2 This weapon's minimum
   attack delay (0.6) is reached at skill level 12.
   Int+4:     It affects your intelligence (+4).
   Dex-3:     It affects your dexterity (-3).
   SInv:      It lets you see invisible.
   Conj:      It increases the power of your Conjurations spells.
   Alchemy:   It increases the power of your Alchemy spells.
   It falls into the 'Staves' category.
   It is a one-handed weapon.
Jewellery
 d - an amulet of magic regeneration (around neck)
 f - the ring "Ciolo" (right hand) {Will++ AC+4, =R}
   (You bought it in a shop on level 7 of the Dungeon)

   [ring of protection]

   AC+4:      It affects your AC (+4).
   Will++:    It greatly increases your willpower.
 k - the ring of the Crushed Tales {*Slow +Blink rElec rPois Str+3}
   (You acquired it on level 3 of the Snake Pit)

   [ring of poison resistance]

   Str+3:     It affects your strength (+3).
   rElec:     It insulates you from electricity.
   rPois:     It protects you from poison +Blink: It lets you blink.
   *Slow:     It may slow you when you take damage.
 m - the ring of Pacufar (left hand) {rElec rN+ Int+3 Dex+3}
   (You bought it in a shop in a bazaar)

   [ring of positive energy]

   Int+3:     It affects your intelligence (+3).
   Dex+3:     It affects your dexterity (+3).
   rElec:     It insulates you from electricity.
   rN+:       It protects you from negative energy.
 q - a +6 ring of intelligence
 w - a +5 ring of evasion
 x - a ring of wizardry
Wands
 t - a wand of light (12)
 D - a wand of digging (5)
 J - a wand of roots (63)
 P - a wand of paralysis (41)
Scrolls
 i - 6 scrolls of immolation
 j - 8 scrolls of poison
 l - a scroll of revelation
 n - 5 scrolls of fear
 p - 2 scrolls of summoning
 u - 4 scrolls of fog
 z - 8 scrolls of vulnerability
 B - a scroll of blinking
 I - 4 scrolls of enchant armour
 R - a scroll of silence {!r}
 S - 5 scrolls of amnesia
 T - 9 scrolls of teleportation
Potions
 b - 7 potions of magic
 c - 3 potions of enlightenment
 o - 5 potions of might
 C - 8 potions of resistance
 L - a potion of brilliance
 M - 6 potions of mutation
 N - 7 potions of invisibility
 Q - 4 potions of curing
 V - 3 potions of lignification
Miscellaneous
 K - a phantom mirror
 U - a phial of floods
 X - a box of beasts
 Y - a tin of tremorstones (2/2)


   Skills:
 + Level 16.9 Fighting
 - Level 5.0 Armour
 - Level 5.0 Dodging
 - Level 5.0 Stealth
 - Level 15.0 Shields
 - Level 16.0 Spellcasting
 - Level 18.0 Conjurations
 - Level 7.0 Hexes
 - Level 15.0 Fire Magic
 - Level 8.2 Ice Magic
 - Level 22.0 Air Magic
 - Level 6.0 Earth Magic
 - Level 12.0 Alchemy
 - Level 12.0 Invocations
 - Level 10.0 Evocations


You had 2 spell levels left.
You knew the following spells:

 Your Spells              Type           Power      Damage    Failure   Level
a - Orb of Destruction    Conj           67%        9d16      1%          7
b - Maxwell's Capacitive  Air            60%        ∞         1%          8
d - Passwall              Erth           71%        N/A       1%          3
e - Yara's Violent Unrav  Hex/Alch       53%        3d20      1%          5
f - Freezing Cloud        Conj/Ice/Air   64%        6-21      1%          5
g - Starburst             Conj/Fire      65%        6d17      1%          6
h - Ignite Poison         Fire/Alch      100%       N/A       1%          4
i - Plasma Beam           Fire/Air       56%        2x1d71    1%          6
r - Irradiate             Conj/Alch      75%        3d36      1%          5
t - Olgreb's Toxic Radia  Alch           100%       N/A       1%          4

Your spell library contained the following spells:

 Spells                   Type           Power      Damage    Failure   Level
 Foxfire                  Conj/Fire      100%       2x1d9     0%          1
 Magic Dart               Conj           100%       1d8       0%          1
 Shock                    Conj/Air       100%       1d9       0%          1
 Sting                    Conj/Alch      100%       1d9       0%          1
 Mercury Vapours          Alch/Air       100%       N/A       0%          2
 Scorch                   Fire           100%       2d9       0%          2
 Searing Ray              Conj           100%       2d8       0%          2
 Static Discharge         Conj/Air       100%       3-8/arc   0%          2
 Kiss of Death            Conj/Necr      100%       2d13      1%          1
 Sandblast                Erth           100%       2d20      1%          1
 Slow                     Hex            100%       N/A       1%          1
 Cigotuvi's Dreadful Rot  Necr/Alch/Air  100%       N/A       1%          2
 Ensorcelled Hibernation  Hex/Ice        100%       N/A       1%          2
 Jinxbite                 Hex            100%       N/A       1%          2
 Momentum Strike          Conj/Tloc      100%       3d10      1%          2
 Apportation              Tloc           66%        N/A       2%          1
 Necrotise                Necr           100%       1d9       2%          1
 Summon Small Mammal      Summ           100%       N/A       2%          1
 Lesser Beckoning         Tloc           66%        N/A       3%          2
 Sublimation of Blood     Necr           33%        N/A       3%          2
 Mephitic Cloud           Conj/Alch/Air  100%       N/A       0%          3
 Swiftness                Air            100%       N/A       0%          3
 Airstrike                Air            60%        2d(9-25)  0%          4
 Confusing Touch          Hex            75%        N/A       1%          3
 Dazzling Flash           Conj/Hex       100%       N/A       1%          3
 Frozen Ramparts          Ice            100%       1d16      1%          3
 Hailstorm                Conj/Ice       100%       3d16      1%          3
 Inner Flame              Hex/Fire       90%        N/A       1%          3
 Ozocubu's Armour         Ice            80%        N/A       1%          3
 Sigil of Binding         Hex            75%        N/A       1%          3
 Stone Arrow              Conj/Erth      100%       3d13      1%          3
 Summon Ice Beast         Ice/Summ       62%        N/A       1%          3
 Tukima's Dance           Hex            75%        N/A       1%          3
 Volatile Blastmotes      Fire/Tloc      100%       2d18      1%          3
 Brom's Barrelling Bould  Conj/Erth      100%       2d11      1%          4
 Flame Wave               Conj/Fire      100%       2d21      1%          4
 Fulminant Prism          Conj/Alch      75%        3d31      1%          4
 Iskenderun's Mystic Bla  Conj/Tloc      100%       2d19      1%          4
 Leda's Liquefaction      Alch/Erth      52%        N/A       1%          4
 Petrify                  Alch/Erth      100%       N/A       1%          4
 Sticky Flame             Fire/Alch      100%       2d15      1%          4
 Summon Blazeheart Golem  Fire/Summ      77%        N/A       1%          4
 Summon Lightning Spire   Summ/Air       90%        N/A       1%          4
 Vhi's Electric Charge    Tloc/Air       100%       N/A       1%          4
 Alistair's Intoxication  Alch           77%        N/A       1%          5
 Arcjolt                  Conj/Air       70%        1d80      1%          5
 Fireball                 Conj/Fire      65%        3d25      1%          5
 Iskenderun's Battlesphe  Conj           100%       2d15      1%          5
 Silence                  Hex/Air        50%        N/A       1%          5
 Conjure Ball Lightning   Conj/Air       70%        3x3d26    1%          6
 Bombard                  Conj/Erth      58%        9d10      2%          6
 Eringya's Noxious Bog    Alch           58%        4d6       2%          6
 Metabolic Englaciation   Hex/Ice        39%        N/A       3%          5
 Anguish                  Hex/Necr       29%        N/A       6%          4
 Dimensional Bullseye     Hex/Tloc       29%        N/A       6%          4
 Lee's Rapid Deconstruct  Erth           35%        3d18*     6%          5
 Sculpt Simulacrum        Ice/Alch       54%        N/A       6%          6
 Animate Armour           Summ/Erth      100%       N/A       7%          4
 Call Canine Familiar     Summ           33%        N/A       8%          3
 Gell's Gravitas          Tloc           33%        N/A       8%          3
 Teleport Other           Tloc           33%        N/A       8%          3
 Vampiric Draining        Necr           33%        2d8       8%          3
 Summon Mana Viper        Hex/Summ       58%        N/A       16%         5
 Borgnjor's Vile Clutch   Necr/Erth      28%        N/A       21%         5
 Dispel Undead            Necr           33%        3d14      24%         4
 Manifold Assault         Tloc           33%        N/A       24%         4
 Martyr's Knell           Necr/Summ      33%        N/A       24%         4
 Passage of Golubria      Tloc           33%        N/A       24%         4
 Ignition                 Fire           51%        3d14      34%         8
 Spellforged Servitor     Conj/Summ      52%        N/A       45%         7
 Curse of Agony           Necr           33%        N/A       56%         5
 Summon Forest            Summ/Tloc      16%        N/A       56%         5
 Chain Lightning          Conj/Air       70%        3d93      56%         9
 Lehudib's Crystal Spear  Conj/Erth      58%        10d13     75%         8
 Fire Storm               Conj/Fire      65%        8d17      96%         9
 Death Channel            Necr           16%        N/A       98%         6
 Dispersal                Tloc           16%        N/A       98%         6
 Malign Gateway           Summ/Tloc      16%        N/A       100%        7
 Monstrous Menagerie      Summ           16%        N/A       100%        7
 Summon Hydra             Summ           16%        N/A       100%        7
 Borgnjor's Revivificati  Necr           16%        N/A       100%        8
 Disjunction              Tloc           16%        N/A       100%        8
 Infestation              Necr           16%        N/A       100%        8
 Polar Vortex             Ice            40%        12d5*     100%        9
 Shatter                  Erth           35%        3d28*     100%        9


Dungeon Overview and Level Annotations

Branches:
Dungeon (15/15)            Temple (1/1) D:5            Lair (5/5) D:9
 Shoals (4/4) Lair:3        Snake (4/4) Lair:2        Slime (5/5) Lair:5
    Orc (2/2) D:12            Elf (2/3) Orc:2        Vaults (4/5) D:13
 Depths (4/4) D:15            Zot (5/5) Depths:4      IceCv (visited)
Volcano (visited)         Gauntlet (visited)
  Crypt: Vaults:2-3

Altars:
Ashenzari
Cheibriados
Dithmenos
Elyvilon
Fedhas
Gozag
Hepliaklqana
Kikubaaqudgha
Makhleb
Nemelex Xobeh
Okawaru
Qazlal
Ru
Sif Muna
Trog
Uskayaw
Vehumet
Wu Jian
Xom
Yredelemnul
Zin
The Shining One
Jiyva

Shops:
D:7 =   Orc:2 (*[:   Elf:1 [   Elf:2 !   Shoals:2 :   Vaults:3 =   Depths:3 ?*=

Portals:
Hell: Depths:1 Depths:2 Depths:3 Depths:4
Abyss: Depths:1 Depths:3
Pandemonium: Depths:2
Ziggurat: Depths:2

Annotations:
D:10 exclusion: downstairs
Lair:3 1 runed translucent door, hawkwood's ghost, journeyman DgAr
Lair:5 1 runed translucent door, MadMike78's ghost, journeyman DsCK
Shoals:1 Louise
Shoals:3 exclusion: 2 downstairs
Snake:1 exclusion: downstairs
Snake:3 exclusion: downstairs
Elf:2 5 runed translucent doors
Vaults:2 1 transporter, EonDragon20's ghost, adept MfSh
Vaults:3 exclusion: skyshark, Norris
Depths:2 1 transporter
Depths:4 2 runed translucent doors, EonDragon20's ghost, adept MfSh
Zot:1 exclusion: electric golem
Zot:2 exclusion: downstairs


Innate Abilities, Weirdness & Mutations

You are amphibious.
You cover ground slowly.
You can hop long distances.
You have an extended range of vision and can be seen from far away.
You are clumsy. (Dex -2)
Armour fits poorly on your strangely shaped body.
Your body sometimes deteriorates upon taking damage.
You occasionally lose the ability to read scrolls when taking damage.


Message History

The Orb Guardian is lightly wounded.
The fiery plasma misses the Orb Guardian.
Casting: Plasma Beam (mildly dangerous; 1% risk of failure)
Confirm with . or Enter, or press ? or * to list all spells.
You feel a strong surge of power!
You erupt in a fountain of uncontrolled magic!
You are very lightly contaminated with residual magic.
Casting: Irradiate (safe; 1% risk of failure)
Confirm with . or Enter, or press ? or * to list all spells.
You feel a strong surge of power!
You erupt in a fountain of uncontrolled magic!
The Orb Guardian is blasted with magical radiation!!
The Orb Guardian is heavily wounded.
The Orb Guardian twists and deforms.
You are lightly contaminated with residual magic.
The Orb Guardian completely misses you.
Casting: Plasma Beam (mildly dangerous; 1% risk of failure)
Press: ? - help, Q - select action, (/) - cycle Dir - look around, f - activate The bolt of lightning hits the Orb Guardian!!
The Orb Guardian is almost dead.
The fiery plasma hits the Orb Guardian!!
You kill the Orb Guardian!
Sif Muna accepts your kill.
You feel your strength returning.
HP restored.
There is a stone staircase leading up here.
You start resting.
Your magical contamination has completely faded away.
You start resting.
Magic restored.
You fly upwards.
There is a stone staircase leading down here.
You see here a +0 club.
An angel comes into view. It is wielding a +1 whip of holy wrath.
Unknown command.
Hop to where?
Press: ? - help, Dir - move target Boing!
The angel moves out of view.
Unknown command.
Unknown command.
You feel yourself speed up.
Unknown command.
Aiming: Dig
Press: ? - help, Shift-Dir - straight line, f - you Please select a direction to dig.
This square is covered in magical glow.
The rock shatters into small pieces.
There is a staircase leading out of the dungeon here.
There is a staircase leading out of the dungeon here.
You have escaped!

....##....................#
....##..................###
....##..................####
.#####.....############....#
.# ####.## ####.### .# #.#
#...# .# #.# ###.#
.########.##################.#
..#....#..#.....@..#.....#.#.#
#.#..........#.....#..#..#.#.#
#...#..#..#..#.....#..#..#...#
##...........................#
##.#..#..#..#..#..#.......###
#.#..#.....#..#.....#..#.#
##########################


There were no monsters in sight!

Vanquished Creatures
  the Royal Jelly (Slime:5)
  Mennas (Depths:3)
  Josephina (Depths:3)
  A juggernaut (Depths:4)
  Boris (Depths:2)
  Parghit (Depths:3)
  Bai Suzhen (Depths:2)
  2 golden dragons (Depths:3)
  A Tzitzimitl (D:13)
  2 bone dragons (Depths:4)
  the Enchantress (Depths:2)
  A hellephant (D:4)
  4 tentacled monstrosities
  Mlioglotl (Shoals:4)
  Rupert (D:15)
  Jorgrun (Snake:3)
  2 liches
  Zenata (Vaults:1)
  10 Orb Guardians
  A walking earthen tome (Depths:3)
  Asterion (Vaults:1)
  A sphinx (Depths:3)
  A kraken (Shoals:1)
  2 quicksilver dragons
  Polyphemus (Shoals:4)
  17 acid blobs
  Frances (Snake:2)
  Kirke (D:15)
  7 death cobs
  Agnes (Elf:1)
  4 tengu reavers
  A shadow dragon (Zot:3)
  9 storm dragons
  Aizul (Snake:2)
  4 nagarajas (Snake:4)
  10 rockslimes
  Donald (Shoals:4)
  2 draconian knights (Zot:3)
  2 deep elf sorcerers
  A ghost moth (Zot:3)
  2 draconian shifters
  3 fire giants
  A balrug (Depths:4)
  A fenstrider witch (Elf:2)
  A draconian monk (Zot:3)
  11 azure jellies
  7 vault wardens
  A draconian scorcher (Depths:4)
  An angel (Shoals:4)
  6 frost giants
  10 ironbound preservers
  2 draconian stormcallers
  A deep elf elementalist (Elf:2)
  2 orc warlords (Orc:2)
  4 draconian annihilators
  13 quicksilver oozes
  17 very ugly things
  3 spriggan defenders (Depths:2)
  5 ironbound thunderhulks
  10 stone giants
  6 black draconians
  A deep elf demonologist (Elf:2)
  4 purple draconians
  3 war gargoyles
  5 white draconians
  11 dire elephants (Vaults:1)
  A minotaur (Gauntlet)
  3 green draconians
  7 yellow draconians
  3 red draconians
  6 spark wasps (Depths:4)
  A blizzard demon (Depths:2)
  7 ettins
  12 merfolk impalers
  3 merfolk javelineers (Shoals:4)
  3 mummy priests (D:14)
  6 yaktaur captains
  6 fire dragons
  An entropy weaver (Vaults:3)
  3 jiangshi (Depths:2)
  12 great orbs of eyes
  6 vault guards
  Fannar (D:11)
  3 peacekeepers
  A salamander tyrant (Snake:4)
  An entropy weaver (shapeshifter) (D:14)
  3 hell beasts
  7 hydras
  7 rakshasas
  2 spriggan air magi
  4 catoblepae
  2 merfolk avatars
  4 ice dragons
  An alligator snapping turtle (Shoals:4)
  12 anacondas
  9 ironbound frosthearts
  8 centaur warriors
  9 boulder beetles
  12 dancing weapons
  2 ogre magi
  9 two-headed ogres
  9 deep troll shamans
  6 merfolk aquamancers
  5 tengu warriors
  8 naga warriors
  14 death yaks
  A sphinx skeleton (Depths:2)
  4 satyrs
  A vampire mage (Depths:2)
  4 orc high priests
  3 occultists
  10 deep troll earth magi
  2 hell hogs (Volcano)
  3 shock serpents (Snake:3)
  19 naga sharpshooters
  4 spriggan berserkers
  8 hell knights
  2 fire crabs (Lair:5)
  8 iron trolls
  11 deep elf knights
  5 skeletal warriors (D:13)
  5 skysharks
  4 salamander mystics
  2 cherubim (Shoals:4)
  2 goliath frogs
  A quicksilver dragon simulacrum (Depths:3)
  9 sea snakes
  12 mana vipers
  8 deep elf archers
  8 naga ritualists
  40 deep trolls
  6 glowing orange brains
  A bog body (IceCv)
  A glowing orange brain (shapeshifter) (Depths:4)
  10 necromancers
  6 lindwurms
  A sea snake (shapeshifter) (D:13)
  11 ironbound convokers
  7 arcanists
  5 orc knights (Orc:2)
  18 deep elf zephyrmancers
  Pikel (D:7)
  2 phantasmal warriors
  14 harpies
  A tengu skeleton (Depths:3)
  3 orc sorcerers
  12 fauns
  12 manticores
  A fire giant zombie (Depths:3)
  23 deep elf pyromancers
  18 ugly things
  13 salamanders
  A worldbinder (Gauntlet)
  7 shining eyes
  16 cyclopes
  An elephant (shapeshifter) (Depths:4)
  A rust devil (Depths:4)
  14 moths of wrath
  4 merfolk sirens
  An elephant (D:9)
  4 guardian serpents
  2 kobold blastminers (Orc:2)
  A centaur zombie (D:15)
  10 naga magi
  A titan simulacrum (Depths:3)
  41 black mambas
  15 vault sentinels
  5 eyes of devastation
  4 water nymphs
  4 centaur skeletons (D:15)
  A torpor snail (Lair:1)
  A gargoyle (D:13)
  20 cane toads
  2 ice statues (IceCv)
  A kobold demonologist (D:12)
  A hellion (Depths:3)
  3 unseen horrors
  9 large abominations
  4 rime drakes
  2 efreet
  A freezing wraith (D:15)
  9 komodo dragons
  A spark wasp simulacrum (Depths:2)
  10 tengu conjurers
  6 ice devils (IceCv)
  18 yaktaurs
  An anaconda simulacrum (IceCv)
  6 guardian mummies (D:14)
  27 merfolk
  A queen bee (shapeshifter) (D:13)
  5 wind drakes
  A hornet (Depths:4)
  11 trolls
  5 polar bears
  A tengu simulacrum (Depths:3)
  A tyrant leech (Lair:5)
  10 snapping turtles
  32 blink frogs
  A glass eye (Slime:4)
  86 slime creatures
  A dire elephant simulacrum (IceCv)
  12 dream sheep
  A vampire (D:10)
  2 wyverns (D:10)
  3 spriggans
  3 shadows
  8 water elementals
  3 wraiths
  A spriggan (shapeshifter) (D:13)
  3 air elementals
  A yak (shapeshifter) (D:15)
  8 basilisks
  5 wargs
  51 yaks
  6 hogs (D:15)
  8 golden eyes
  Grum (D:8)
  Menkaure (D:7)
  2 steam dragons (D:8)
  A fire elemental (Elf:1)
  4 fire bats
  A redback (Vaults:3)
  19 vampire mosquitoes
  2 chaos spawn (Depths:1)
  37 nagas
  4 harpy simulacra (IceCv)
  4 small abominations (Depths:1)
  A water moccasin (shapeshifter) (D:13)
  4 hydra simulacra (IceCv)
  An acid dragon (D:11)
  15 water moccasins
  A hell hound (Volcano)
  21 orc warriors
  A human skeleton (Vaults:2)
  2 ice beasts
  3 black bears (D:9)
  3 boggarts
  20 wolves
  An ogre (shapeshifter) (D:13)
  14 centaurs
  2 lemures (D:7)
  12 ogres
  An elf simulacrum (Vaults:2)
  A phantom (D:6)
  A kobold brigand (D:9)
  2 human zombies
  12 bullfrogs
  A gnoll sergeant (D:9)
  A glowing shapeshifter simulacrum (Depths:3)
  A cane toad simulacrum (IceCv)
  3 earth elementals
  6 scorpions
  4 wights (D:8)
  6 killer bees (D:8)
  5 electric eels
  10 howler monkeys
  5 jellies
  4 hounds
  A bombardier beetle (D:6)
  A gnoll bouda (D:9)
  8 orc priests
  A sleepcap (D:8)
  An iguana (D:4)
  3 hell rats (Lair:1)
  12 orc wizards
  A polar bear simulacrum (IceCv)
  4 spriggan simulacra
  A wolf simulacrum (IceCv)
  2 mummies (D:14)
  An adder (D:4)
  17 gnolls
  3 river rats (Lair:1)
  3 shadow imps
  A white imp (Gauntlet)
  4 dart slugs
  62 orcs
  5 bats
  4 bat skeletons (D:11)
  7 endoplasms
  2 giant cockroaches
  5 goblins
  5 hobgoblins
  12 kobolds
  5 quokkas
  7 ball pythons
  10 rats
1748 creatures vanquished.

Vanquished Creatures (collateral kills)
  A naga ritualist (Snake:4)
  A mana viper (Snake:4)
  A naga (Snake:4)
  8 boulders
11 creatures vanquished.

Vanquished Creatures (others)
  A deep elf zephyrmancer (Elf:2)
  2 jellies (Lair:5)
  5 boulders
  8 tentacles (Shoals:1)
16 creatures vanquished.

Grand Total: 1775 creatures vanquished

Notes
Turn   | Place    | Note
-------+----------+-------------------------------------------
     0 | D:1      | shadowrider38 the Barachi Earth Elementalist began the
                  | quest for the Orb.
     0 | D:1      | Reached XP level 1. HP: 13/13 MP: 3/3
   212 | D:1      | Reached XP level 2. HP: 19/19 MP: 3/5
   643 | D:1      | Reached XP level 3. HP: 24/24 MP: 3/6
   674 | D:1      | Learned a level 3 spell: Stone Arrow
  1181 | D:2      | You fall into a shaft and drop 1 floor!
  1192 | D:3      | Reached skill level 3 in Conjurations
  1247 | D:3      | Reached XP level 4. HP: 16/30 MP: 7/7
  1489 | D:3      | Noticed a scorpion
  1498 | D:3      | Killed a scorpion
  1499 | D:3      | Reached XP level 5. HP: 29/35 MP: 9/9
  1527 | D:3      | Learned a level 4 spell: Brom's Barrelling Boulder
  1658 | D:2      | Reached skill level 3 in Spellcasting
  3463 | D:4      | Reached XP level 6. HP: 43/43 MP: 9/10
  3807 | D:4      | Reached skill level 3 in Fighting
  3938 | D:4      | Reached XP level 7. HP: 52/52 MP: 10/12
  5110 | D:5      | Entered Level 5 of the Dungeon
  5115 | D:5      | Learned a level 3 spell: Passwall
  5267 | D:5      | Reached XP level 8. HP: 47/58 MP: 8/14
  6039 | D:5      | Found a staircase to the Ecumenical Temple.
  6330 | Temple   | Entered the Ecumenical Temple
  6369 | Temple   | Became a worshipper of Sif Muna the Loreminder
  7473 | D:7      | Noticed a troll
  7473 | D:7      | Found Uhuapibo's Jewellery Boutique.
  7476 | D:7      | Killed a troll
  7477 | D:7      | Reached XP level 9. HP: 63/63 MP: 15/16
  7889 | D:7      | Noticed Pikel
  7906 | D:7      | Killed Pikel
  8037 | D:7      | Noticed Menkaure
  8047 | D:7      | Killed Menkaure
  8060 | D:7      | Learned a level 5 spell: Irradiate
  8158 | D:7      | Reached * piety under Sif Muna
  8665 | D:7      | Found a stormy altar of Qazlal.
  8667 | D:7      | Found a shadowy altar of Dithmenos.
  9053 | D:8      | Reached XP level 10. HP: 64/70 MP: 13/17
  9163 | D:8      | Noticed Grum
  9173 | D:8      | Reached skill level 9 in Conjurations
  9173 | D:8      | Reached skill level 9 in Alchemy
  9281 | D:8      | Killed Grum
 10321 | D:8      | Reached skill level 3 in Invocations
 11343 | D:9      | Reached ** piety under Sif Muna
 11486 | D:9      | Noticed an elephant
 11508 | D:9      | Killed an elephant
 11509 | D:9      | Reached XP level 11. HP: 75/75 MP: 13/20
 11776 | D:9      | Found a staircase to the Lair.
 11937 | D:9      | Reached skill level 3 in Dodging
 12324 | D:9      | Learned a level 4 spell: Olgreb's Toxic Radiance
 12339 | D:10     | Entered Level 10 of the Dungeon
 12641 | D:10     | Reached skill level 3 in Armour
 13094 | D:11     | Noticed a boulder beetle
 13094 | D:11     | Noticed Fannar
 13230 | D:11     | Reached *** piety under Sif Muna
 13289 | D:11     | Killed a boulder beetle
 13465 | D:11     | Noticed a boulder beetle
 13474 | D:11     | Killed a boulder beetle
 13475 | D:11     | Reached XP level 12. HP: 77/86 MP: 17/24
 13744 | D:11     | Found an ancient bone altar of Kikubaaqudgha.
 13767 | D:11     | Killed Fannar
 13931 | Lair:1   | Entered Level 1 of the Lair of Beasts
 14182 | Lair:1   | Found a dark tunnel.
 14204 | Volcano  | Entered a volcano
 14305 | Volcano  | Noticed a hell hog
 14314 | Volcano  | Killed a hell hog
 14429 | Volcano  | Noticed a two-headed ogre
 14431 | Volcano  | Killed a two-headed ogre
 14473 | Volcano  | Noticed a hell hog
 14475 | Volcano  | Killed a hell hog
 14500 | Volcano  | Noticed a two-headed ogre
 14506 | Volcano  | Killed a two-headed ogre
 14755 | Lair:1   | Reached **** piety under Sif Muna
 15561 | Lair:2   | Found a staircase to the Snake Pit.
 15561 | Lair:2   | Found a frozen archway.
 15565 | Lair:2   | Reached skill level 3 in Evocations
 15565 | Lair:2   | Gained mutation: You can hop long distances. [Barachi
                  | growth]
 15565 | Lair:2   | Reached XP level 13. HP: 94/98 MP: 25/25
 15615 | IceCv    | Entered an ice cave
 15683 | IceCv    | Reached skill level 9 in Spellcasting
 16221 | IceCv    | Reached ***** piety under Sif Muna
 16436 | IceCv    | Got Sif Muna's Folio of Hail
 17101 | Lair:2   | Received a gift from Sif Muna
 17548 | Lair:3   | Found a runed translucent door.
 17928 | Lair:3   | Noticed hawkwood's ghost (journeyman DgAr)
 18240 | Lair:3   | Found a staircase to the Shoals.
 19216 | Lair:4   | Reached XP level 14. HP: 106/106 MP: 28/28
 19618 | Lair:4   | Identified a scroll of acquirement
 19621 | Lair:4   | Acquired the +0 pair of gloves "Votur" {rF+ Int+4}
 19897 | Lair:4   | Learned a level 5 spell: Yara's Violent Unravelling
 19932 | Lair:5   | Entered Level 5 of the Lair of Beasts
 19942 | Lair:5   | Reached skill level 9 in Fighting
 20135 | Lair:5   | Reached skill level 9 in Evocations
 20243 | Lair:5   | Received a gift from Sif Muna
 20421 | Lair:5   | Reached skill level 3 in Hexes
 20421 | Lair:5   | Reached skill level 9 in Invocations
 20629 | Lair:5   | Found a viscous altar of Jiyva.
 20629 | Lair:5   | Found a runed translucent door.
 20629 | Lair:5   | Found a shimmering altar of Xom.
 20629 | Lair:5   | Noticed MadMike78's ghost (journeyman DsCK)
 20629 | Lair:5   | Identified the +8 dire flail "Vuukiwnu" {chaos, rF+ Str+3
                  | Int+8 Dex-2}
 20630 | Lair:5   | Found a staircase to the Slime Pits.
 21461 | Lair:5   | Identified the +0 ring mail of Demons {rC+ rCorr Dex+4}
 22073 | D:12     | Reached XP level 15. HP: 106/115 MP: 29/29
 22080 | D:12     | Reached skill level 1 in Air Magic
 22136 | D:12     | Learned a level 5 spell: Freezing Cloud
 22470 | D:12     | Reached skill level 2 in Air Magic
 22474 | D:12     | Acquired the staff "Cunn" {Int+4 Dex-3 SInv Conj Alchemy}
 22502 | D:12     | Found a staircase to the Orcish Mines.
 22515 | D:12     | Received a gift from Sif Muna
 22516 | D:12     | Got Sif Muna's Cyclopedia of the Aerial Pyromaniac {god
                  | gift}
 22519 | D:12     | Noticed Sonja
 22568 | D:12     | Sonja changed into Sonja the cane toad
 22568 | D:12     | Noticed Sonja
 22572 | D:12     | Killed Sonja the cane toad
 23025 | D:13     | Reached skill level 3 in Ice Magic
 23128 | Orc:1    | Entered Level 1 of the Orcish Mines
 23135 | Orc:1    | Reached skill level 3 in Air Magic
 23145 | Orc:1    | You are sucked into a shaft and drop 1 floor!
 23145 | Orc:2    | Entered Level 2 of the Orcish Mines
 23180 | Orc:2    | Found Aturuiz's Book Boutique.
 23510 | Orc:2    | Found Qiopa Ypuc's General Store.
 23575 | Orc:2    | Found a staircase to the Elven Halls.
 23979 | Orc:2    | Noticed an orc warlord
 23985 | Orc:2    | Reached skill level 4 in Air Magic
 23988 | Orc:2    | Found Tioc's Antique Weapon Emporium.
 24194 | Orc:2    | Reached skill level 5 in Air Magic
 24203 | Orc:2    | Killed an orc warlord
 24348 | Orc:2    | Found Jijoxt's Antique Armour Shop.
 24530 | Orc:1    | Identified the +2 scimitar of the Eternal Void {speed,
                  | ^Drain Int+5 Dex+3}
 24552 | Orc:1    | Noticed an orc warlord
 24553 | Orc:1    | Reached skill level 6 in Air Magic
 24608 | Orc:2    | Killed an orc warlord
 25131 | D:13     | Reached skill level 7 in Air Magic
 25829 | D:13     | Received a gift from Sif Muna
 25847 | D:13     | Gained mutation: Armour fits poorly on your strangely
                  | shaped body. [mutagenic glow]
 26212 | D:13     | Got Sif Muna's Tractate on the Blink Frog {god gift}
 26254 | D:13     | Found a gate to the Vaults.
 26625 | D:13     | Reached XP level 16. HP: 110/124 MP: 30/30
 27374 | D:14     | Found a gate leading to a gauntlet.
 27391 | Gauntlet | Entered a Gauntlet
 27391 | Gauntlet | Found a transporter.
 27391 | Gauntlet | Found a transporter.
 27391 | Gauntlet | Found a transporter.
 27391 | Gauntlet | Found a transporter.
 27416 | Gauntlet | Found a transporter.
 27417 | Gauntlet | Found a transporter.
 27421 | Gauntlet | Found a runed translucent door.
 27421 | Gauntlet | Found a runed translucent door.
 27425 | Gauntlet | Found a transporter.
 27428 | Gauntlet | Found a transporter.
 27436 | Gauntlet | Found a transporter.
 27456 | Gauntlet | Found a transporter.
 27476 | Gauntlet | Found a transporter.
 27479 | Gauntlet | Found a transporter.
 27771 | Gauntlet | Identified the +1 cloak of Xonlejio {Regen+ Int+2}
 27793 | Gauntlet | Identified the +10 quarterstaff of Fealogh {flame, Fly rN+
                  | Dex+2 SInv}
 29254 | D:15     | Entered Level 15 of the Dungeon
 29254 | D:15     | Noticed Kirke
 29263 | D:15     | Killed Kirke
 29323 | D:15     | Reached skill level 3 in Fire Magic
 29572 | D:15     | Got Sif Muna's Omnibus of Heat and Malisons
 29751 | D:15     | Noticed Rupert
 29756 | D:15     | Killed Rupert
 29828 | D:15     | Found a hide-covered altar of Uskayaw.
 30307 | D:15     | Received a gift from Sif Muna
 30747 | D:15     | Found a staircase to the Depths.
 30942 | Shoals:1 | Entered Level 1 of the Shoals
 31115 | Shoals:1 | Learned a level 6 spell: Starburst
 31123 | Shoals:1 | Reached skill level 3 in Shields
 31253 | Shoals:1 | Reached XP level 17. HP: 133/133 MP: 33/33
 31427 | Shoals:1 | Noticed Louise
 31665 | Shoals:1 | Found a stormy altar of Qazlal.
 31840 | Shoals:1 | Noticed a kraken
 31867 | Shoals:1 | Killed a kraken
 32491 | Shoals:2 | Found Jiroz's Book Emporium.
 32496 | Shoals:2 | Bought a Trismegistus Codex for 364 gold pieces
 32501 | Shoals:2 | Learned a level 4 spell: Ignite Poison
 33000 | Shoals:3 | Received a gift from Sif Muna
 33006 | Shoals:3 | Got Emnumal's Elucidation of Amorphous Maleficent Deeds
                  | {god gift}
 33059 | Shoals:3 | Reached skill level 9 in Fire Magic
 33905 | Elf:1    | Entered Level 1 of the Elven Halls
 34126 | Elf:1    | Found Liuclep's Antique Armour Emporium.
 34255 | Elf:1    | Noticed Agnes
 34259 | Elf:1    | Killed Agnes
 35074 | Elf:2    | Found Niecluof's Distillery.
 35080 | Elf:2    | Reached XP level 18. HP: 100/143 MP: 24/34
 35086 | Elf:2    | Received a gift from Sif Muna
 35087 | Elf:2    | Got Sif Muna's Incunabulum of the Tincture {god gift}
 35226 | Elf:2    | Bought a potion of heal wounds for 105 gold pieces
 35226 | Elf:2    | Bought 2 potions of haste for 420 gold pieces
 35226 | Elf:2    | Bought a potion of magic for 168 gold pieces
 35226 | Elf:2    | Bought a potion of magic for 168 gold pieces
 35226 | Elf:2    | Bought a potion of heal wounds for 105 gold pieces
 35410 | Elf:2    | Found a huge runed translucent gate.
 35411 | Elf:2    | Found a huge runed translucent gate.
 35414 | Elf:2    | Found a huge runed translucent gate.
 35414 | Elf:2    | Found a huge runed translucent gate.
 35435 | Elf:2    | Found a huge runed translucent gate.
 35470 | Elf:2    | Paralysed by an air elemental for 1 turns
 35476 | Elf:2    | Paralysed by an air elemental for 1 turns
 35581 | Elf:2    | Reached skill level 15 in Fighting
 35741 | Elf:2    | Reached skill level 3 in Stealth
 35928 | Elf:2    | Paralysed by an air elemental for 1 turns
 35930 | Elf:2    | Paralysed by an air elemental for 1 turns
 36242 | Snake:1  | Entered Level 1 of the Snake Pit
 37859 | Snake:2  | Found a snail-covered altar of Cheibriados.
 39002 | Snake:2  | Noticed Frances
 39275 | Snake:2  | Killed Frances
 39356 | Snake:2  | Identified the serpent talisman of Tenacity {rF- Str+9
                  | Dex+4 Stlth+}
 39356 | Snake:2  | Noticed Aizul
 39360 | Snake:2  | Killed Aizul
 39814 | Snake:3  | Acquired the ring of the Crushed Tales {*Slow +Blink rElec
                  | rPois Str+3}
 39926 | Snake:3  | Received a gift from Sif Muna
 39927 | Snake:3  | Got Sif Muna's Even More Spellcraft {god gift}
 40203 | Snake:3  | Noticed Jorgrun
 40210 | Snake:3  | Killed Jorgrun
 40452 | Snake:3  | Reached XP level 19. HP: 138/155 MP: 32/36
 40942 | Snake:3  | Found a shimmering blue altar of Sif Muna.
 41691 | Snake:3  | Upgraded the game from 0.31.0-11-ge490571c62 to
                  | 0.31.0-12-g77e489cdc1
 41718 | Snake:4  | Entered Level 4 of the Snake Pit
 42614 | Snake:4  | Identified the +2 spear of Ujyaff {holy, rCorr}
 42829 | Snake:4  | Reached skill level 15 in Spellcasting
 42844 | Snake:4  | Learned a level 6 spell: Plasma Beam
 42982 | Snake:4  | Got a serpentine rune of Zot
 43087 | Snake:4  | Identified the +4 scale mail "Kealasu" {rN+ Dex+3}
 43248 | Snake:4  | Identified the +7 quarterstaff of Powerful Absolution
                  | {heavy, rN+ Str+3 SInv}
 43550 | Shoals:4 | Entered Level 4 of the Shoals
 43550 | Shoals:4 | Noticed Polyphemus
 43555 | Shoals:4 | Reached skill level 8 in Air Magic
 43557 | Shoals:4 | Killed Polyphemus
 43627 | Shoals:4 | Noticed Mlioglotl
 43784 | Shoals:4 | Reached skill level 9 in Air Magic
 43886 | Shoals:4 | Received a gift from Sif Muna
 43985 | Shoals:4 | Reached skill level 10 in Air Magic
 44036 | Shoals:4 | Found a glowing silver altar of Zin.
 44533 | Shoals:4 | Noticed Donald
 44537 | Shoals:4 | Killed Donald
 44538 | Shoals:4 | Reached skill level 11 in Air Magic
 44749 | Shoals:4 | Reached XP level 20. HP: 143/162 MP: 27/39
 44798 | Shoals:4 | Killed Mlioglotl
 44990 | Shoals:4 | Found a glowing golden altar of the Shining One.
 45169 | Shoals:4 | Found a white marble altar of Elyvilon.
 45330 | Shoals:4 | Got a barnacled rune of Zot
 45626 | Vaults:1 | Entered Level 1 of the Vaults
 45653 | Vaults:1 | Noticed Asterion
 45668 | Vaults:1 | Killed Asterion
 45943 | Vaults:1 | Reached skill level 12 in Air Magic
 45952 | Vaults:1 | Received a gift from Sif Muna
 46178 | D:7      | Bought the ring "Ciolo" {Will++ AC+4} for 570 gold pieces
 46527 | Vaults:1 | Reached skill level 9 in Shields
 47086 | Vaults:1 | Noticed Zenata
 47096 | Vaults:1 | Gained mutation: Your body sometimes deteriorates upon
                  | taking damage. [you]
 47097 | Vaults:1 | Killed Zenata
 47933 | Vaults:2 | Reached skill level 13 in Air Magic
 47935 | Vaults:2 | Found a transporter.
 47935 | Vaults:2 | Noticed EonDragon20's ghost (adept MfSh)
 47937 | Vaults:2 | Identified the +7 great mace "Kijesim" {elec, Str-4 Int+2
                  | Dex+4 SInv}
 48097 | Vaults:2 | Received a gift from Sif Muna
 48098 | Vaults:2 | Got Qodaic's Guidebook on the Scorching Singularity {god
                  | gift}
 48768 | Vaults:2 | Identified the +9 mace of Nabop {heavy, rF+ rC+ rN+}
 49178 | Vaults:3 | Noticed Norris
 49351 | Vaults:3 | Reached XP level 21. HP: 168/168 MP: 35/40
 49575 | Vaults:3 | Identified the ring "Numnomao" {Fly rC+ rN+ Str+3}
 49587 | Vaults:3 | Reached skill level 14 in Air Magic
 49716 | Vaults:3 | Found Ushock's Jewellery Boutique.
 50681 | Vaults:4 | Found a flickering gateway to a bazaar.
 50687 | Bazaar   | Entered a bazaar
 50687 | Bazaar   | Found Yxymezay's Book Shoppe.
 50687 | Bazaar   | Found Qeod's Armour Shoppe.
 50687 | Bazaar   | Found Izos's Book Emporium.
 50687 | Bazaar   | Found Nyxyn's Jewellery Emporium.
 50687 | Bazaar   | Found Fagytum's Armour Shoppe.
 50715 | Bazaar   | Bought a book of Power for 378 gold pieces
 51484 | Vaults:4 | Got Lehudib's Handbook of Telluric Attacks
 52256 | Depths:1 | Entered Level 1 of the Depths
 52267 | Depths:1 | Learned a level 7 spell: Orb of Destruction
 52289 | Depths:1 | Reached skill level 15 in Fire Magic
 52493 | Depths:1 | Reached skill level 15 in Air Magic
 53092 | Depths:1 | Received a gift from Sif Muna
 53093 | Depths:1 | Got Sif Muna's Further Steps in the Power of Words {god
                  | gift}
 53184 | Depths:1 | Found a one-way gate to the infinite horrors of the Abyss.
 53419 | Depths:1 | Found a gateway to Hell.
 53745 | Depths:2 | Noticed Boris
 53758 | Depths:2 | Reached XP level 22. HP: 131/175 MP: 18/41
 53764 | Depths:2 | Killed Boris
 53949 | Depths:2 | Noticed the Enchantress
 53952 | Depths:2 | Killed the Enchantress
 53955 | Depths:2 | Reached skill level 15 in Shields
 54013 | Depths:2 | Reached skill level 15 in Conjurations
 54445 | Depths:2 | Noticed Bai Suzhen
 54455 | Depths:2 | Killed Bai Suzhen
 54523 | Depths:2 | Found a one-way gateway to a ziggurat.
 54607 | Depths:2 | Found a one-way gate leading to the halls of Pandemonium.
 54782 | Depths:2 | Found a radiant altar of Vehumet.
 54788 | Depths:2 | Found a transporter.
 55065 | Depths:2 | Found a white marble altar of Elyvilon.
 55186 | Depths:2 | Found a shimmering blue altar of Sif Muna.
 55366 | Depths:3 | Noticed a golden dragon
 55366 | Depths:3 | Found Odineoc's Jewellery Shop.
 55366 | Depths:3 | Found Humoxke's General Store.
 55366 | Depths:3 | Found Cuucysy's Magic Scroll Shop.
 55370 | Depths:3 | Killed a golden dragon
 55604 | Depths:3 | Noticed Mennas
 56151 | Depths:3 | Killed Mennas
 56223 | Depths:3 | Noticed a golden dragon
 56229 | Depths:3 | Killed a golden dragon
 56280 | Depths:3 | Received a gift from Sif Muna
 56283 | Depths:3 | Got Igusulo's Dissertation on Cold Bolts {god gift}
 56298 | Depths:3 | Identified the ring "Alud" {Ice rN+ Str+5 Dex+5}
 56298 | Depths:3 | Noticed Josephina
 56439 | Depths:2 | Noticed an ancient lich
 56667 | Depths:3 | Killed Josephina
 57121 | Depths:3 | Noticed Parghit
 57127 | Depths:3 | Killed Parghit
 57434 | Depths:4 | Entered Level 4 of the Depths
 57439 | Depths:4 | Noticed a juggernaut
 57444 | Depths:4 | Killed a juggernaut
 57445 | Depths:4 | Reached skill level 16 in Air Magic
 57676 | Depths:4 | Reached XP level 23. HP: 181/181 MP: 10/42
 58147 | Depths:4 | Noticed EonDragon20's ghost (adept MfSh)
 58148 | Depths:4 | Noticed an ancient lich
 58149 | Depths:4 | Noticed a caustic shrike
 58198 | Depths:4 | Found a gateway to a bazaar.
 58213 | Depths:3 | Bought a scroll of teleportation for 54 gold pieces
 58213 | Depths:3 | Bought a scroll of teleportation for 54 gold pieces
 58232 | Bazaar   | Entered a bazaar
 58250 | Bazaar   | Found Moat's Magic Scroll Boutique.
 58255 | Bazaar   | Bought a scroll of fog for 36 gold pieces
 58265 | Bazaar   | Found Odghul's Jewellery Emporium.
 58292 | Bazaar   | Found Hiuzisk's Magic Scroll Shop.
 58301 | Bazaar   | Bought a scroll of fear for 44 gold pieces
 58301 | Bazaar   | Bought a scroll of teleportation for 33 gold pieces
 58301 | Bazaar   | Bought a scroll of blinking for 82 gold pieces
 58301 | Bazaar   | Bought a scroll of enchant armour for 82 gold pieces
 58301 | Bazaar   | Bought a scroll of blinking for 82 gold pieces
 58301 | Bazaar   | Bought a scroll of fear for 44 gold pieces
 58307 | Bazaar   | Found Bekar's Armour Boutique.
 58322 | Bazaar   | Found Selyov's Armour Shoppe.
 58331 | Bazaar   | Bought the +0 helmet of Muttered Phrases {Int+6} for 168
                  | gold pieces
 58410 | Bazaar   | Bought the ring of Pacufar {rElec rN+ Int+3 Dex+3} for 512
                  | gold pieces
 58494 | Depths:4 | Found a runed translucent door.
 58624 | Depths:4 | Found a runed translucent door.
 58714 | Depths:4 | Identified the scarf of Keinic {shadows, Str+5}
 58805 | Depths:4 | Learned a level 8 spell: Maxwell's Capacitive Coupling
 58904 | Depths:4 | Received a gift from Sif Muna
 58905 | Depths:4 | Reached skill level 17 in Air Magic
 58930 | Depths:4 | Got Ahont's Anthology of Roasted Erosion {god gift}
 58981 | Depths:4 | Found a sacrificial altar of Ru.
 59024 | Depths:4 | Found a gate to the Realm of Zot.
 59877 | Slime:1  | Entered Level 1 of the Pits of Slime
 60120 | Slime:2  | Reached skill level 18 in Air Magic
 60282 | Slime:2  | Gained mutation: You are robust. (+10% HP) [a shining eye]
 60758 | Slime:5  | Entered Level 5 of the Pits of Slime
 60864 | Slime:5  | Reached skill level 19 in Air Magic
 60934 | Slime:5  | Received a gift from Sif Muna
 60935 | Slime:5  | Got Sif Muna's Teachings on the Lungs {god gift}
 61474 | Slime:5  | Noticed the Royal Jelly
 61478 | Slime:5  | Killed the Royal Jelly
 61479 | Slime:5  | Reached skill level 20 in Air Magic
 61491 | Slime:5  | Found the +12 glaive of Prune {freeze, Prune}
 61563 | Slime:5  | Identified the +0 morningstar of Movarrau {flame, Str+2}
 61594 | Slime:5  | Identified the staff "Jegauwop" {rN+ Str+2 Necro}
 61597 | Slime:5  | Got a slimy rune of Zot
 61600 | Slime:5  | Identified the staff of Ujugg {rF+ Int-2 Dex+6 Fire}
 62637 | Zot:1    | Entered Level 1 of the Realm of Zot
 62916 | Zot:3    | Reached XP level 24. HP: 171/206 MP: 31/42
 63151 | Zot:3    | Reached skill level 21 in Air Magic
 63163 | Zot:3    | HP: 1/206 [green draconian/blast of poison[a purple
                  | draconian shifter] (12)]
 64798 | Zot:4    | Received a gift from Sif Muna
 64800 | Zot:4    | Got Sif Muna's Annotations on the Twisted Hornet {god gift}
 65319 | Zot:5    | Entered Level 5 of the Realm of Zot
 65790 | Zot:5    | Noticed an ancient lich
 65795 | Zot:5    | Noticed a Killer Klown
 65795 | Zot:5    | Noticed a Killer Klown
 65795 | Zot:5    | Noticed an ancient lich
 65796 | Zot:5    | Noticed an orb of fire
 65796 | Zot:5    | Noticed an ancient lich
 65811 | Zot:5    | Noticed a Killer Klown
 65811 | Zot:5    | Noticed a Killer Klown
 65813 | Zot:5    | Noticed a Killer Klown
 65814 | Zot:5    | Noticed an ancient lich
 65814 | Zot:5    | Noticed an orb of fire
 65814 | Zot:5    | Gained mutation: You occasionally lose the ability to read
                  | scrolls when taking damage. [an orb of fire]
 65818 | Zot:5    | Got the Orb of Zot
 65818 | Zot:5    | Lost mutation: You are robust. (+10% HP) [an orb of fire]
 65843 | Zot:5    | Noticed Qiegguu the pandemonium lord
 65932 | Zot:1    | Noticed Qoir the pandemonium lord
 66201 | D:13     | Noticed a seraph
 66219 | D:12     | Noticed Qistic the pandemonium lord
 66422 | D:4      | Gained mutation: You are clumsy. (Dex -2) [mutagenic glow]
 66426 | D:4      | Noticed Egihi the pandemonium lord
 66492 | D:2      | Reached skill level 22 in Air Magic
 66581 | D:$      | Escaped with the Orb!

Illustrated notes

Levels and vault maps discovered:
D:1:      dpeg_arrival_ternary, layout_basic
D:2:      layout_loops_ring, chequers_garden, minivault_5,
          kennysheep_small_spiral
D:3:      layout_rooms, minmay_misc_feat_nine_boxes,
          minmay_misc_feat_four_crosses
D:4:      cheibrodos_pilgrimage, layout_gridville, grunt_ministairs_6
D:5:      layout_loops_cross, minmay_temple_entry_poolview, grunt_decor_clamped,
          fountainhead, minmay_misc_feat_cross
D:6:      layout_basic, dk_rats_in_the_wall
D:7:      layout_rooms, minitemple, serial_shops, nicolae_stop_n_shop_2,
          small_statue_intersection, uniq_pikel, uniq_menkaure
D:8:      layout_basic, nrook_pool_corridor, feat_on_display, uniq_grum
D:9:      layout_small_grid, grunt_lair_entry_orc_guard_hut, serial_bayou,
          serial_bayou_pond_e, serial_bayou_pond_a, serial_bayou_lagoon_a,
          serial_bayou_pond_c
D:10:     layout_roguey
D:11:     layout_rooms, chequers_mini_garden, kennysheep_vampire_church,
          uniq_fannar
D:12:     layout_loops_ring, david_orc_1_choice, uniq_sonja
D:13:     layout_long_grid, david_vaults_2, nzn_random_ring
D:14:     ragdoll_tomb_raider, layout_basic, minmay_misc_feat_iff,
          gauntlet_entry_generic, st_stairs_11, minmay_mirror_moons_of_madness
D:15:     grunt_enter_depths_magical_seal, layout_cave_pods, serial_library,
          serial_library_hellmonk_semicircle, serial_library_hellmonk_u_bend,
          serial_library_hellmonk_room_b, serial_library_regret_index_headful,
          serial_library_hellmonk_layered_room,
          serial_library_hellmonk_recessed_alcove,
          hangedman_abyss_or_decor_clamps, nicolae_uskayaw_en_pointe,
          uniq_rupert, uniq_kirke
Temple:   mainiacjoe_temple_big_plus
Lair:1:   layout_cave_pods, lightli_volcano_entry_magma_tube,
          grunt_forest_stairs_basic, kennysheep_abandoned_house
Lair:2:   layout_regular_city, dummy_snake_entry,
          portal_ice_cave_entry_pillars_2, hellmonk_talismancer
Lair:3:   layout_hall_layers, minmay_shoals_entry_hut,
          hellmonk_ghost_happy_afterlife, chequers_serial_rivers_room_a,
          cheibrodos_lair_lostbears
Lair:4:   layout_regular_city
Lair:5:   minmay_lair_end_frog_pond, layout_regular_city,
          nicolae_slime_entry_slimehenge, ebering_ghost_xom,
          infiniplex_staircase_pool_2
Shoals:1: layout_shoals, lemuel_altar_in_water, uniq_louise
Shoals:2: layout_shoals, serial_shops, nicolae_shop_hallway_stairs
Shoals:3: layout_shoals, st_cyclops
Shoals:4: shoals_end_hellmonk_holy_island, uniq_mlioglotl, uniq_polyphemus,
          uniq_donald
Snake:1:  layout_basic, nicolae_snake_coiling_death
Snake:2:  layout_layer_cave, basic_altar, nrook_guardian_serpent_ordinary,
          grunt_megastairs_3, uniq_frances, uniq_aizul
Snake:3:  layout_honeycomb, basic_altar, grunt_megastairs_5, uniq_jorgrun
Snake:4:  minmay_snake_end_coiled, layout_basic, fake_guardian_serpent_vault,
          lemuel_fruit_tree
Slime:1:  layout_caves
Slime:2:  layout_caves, nicolae_slime_rock_hall_of_fame
Slime:3:  layout_caves
Slime:4:  layout_caves, nicolae_slime_getting_an_eyeful
Slime:5:  slime_pit_nicolae_royal_road_to_ruin
Orc:1:    layout_caves, elf_legates
Orc:2:    grunt_orc_gardens, layout_caves, grunt_orc_garden, grunt_orc_garden,
          grunt_orc_garden, grunt_orc_garden
Elf:1:    elf_arrival_002, layout_rooms, serial_shops,
          nicolae_shop_real_fake_doors, minmay_elf_sorcery, grunt_megastairs_4,
          uniq_agnes
Elf:2:    elven_hall_of_blades_hangedman_alternative [nicolae_blade_tridents],
          layout_rooms, serial_shops, shop
Vaults:1: v_misc_27, v_misc_1, v_misc_33, v_alt_pattern_1, v_rooms_6,
          vaults_room_corners, vaults_room_door_ring, nicolae_vaults_rhombus_5,
          nicolae_vaults_tangram_1, vaults_room_door_ring,
          vaults_standard_mumra_lines, layout_vaults_big_room, uniq_zenata,
          uniq_asterion
Vaults:2: gammafunk_ghost_smash, ontoclasm_vaults_pinch,
          nicolae_vaults_oval_intersection, v_misc_2, ontoclasm_vaults_chip,
          nicolae_vaults_closet_pinwheel_6, nicolae_vaults_stepped_doors,
          vaults_room_stairs_pillars, vaults_room_pool, vaults_room_fours,
          nicolae_vaults_double_plus_1, layout_vaults_omnigrid
Vaults:3: nicolae_vaults_trapezoid_lopsided_4, v_misc_17, v_alt_pattern_2,
          ontoclasm_vaults_ring_square, minmay_crypt_entry_simple_corners,
          nicolae_vaults_little_squares_5, dpeg_vaults_monster_box,
          nicolae_vaults_display_case, v_misc_29, ontoclasm_vaults_bender,
          vaults_room_pools, nicolae_vaults_little_squares_2,
          nicolae_vaults_offset_grid_hallway_3, hangedman_vaults_nails,
          hangedman_vaults_trim, vaults_dpeg_emergency_exit, layout_vaults_ring,
          serial_shops, shop, uniq_norris
Vaults:4: nicolae_vaults_network_star, nicolae_vaults_network_quincunx
          [nicolae_vaults_network_quincunx_subvault,
          nicolae_vaults_network_quincunx_subvault,
          nicolae_vaults_network_quincunx_subvault,
          nicolae_vaults_network_quincunx_subvault,
          nicolae_vaults_network_quincunx_subvault],
          ontoclasm_vaults_loading_screen, hangedman_vaults_impose,
          ontoclasm_vaults_ring_small, nicolae_vaults_house_2, v_misc_11,
          nicolae_vaults_hallways_thing, nicolae_vaults_sealed_display,
          nicolae_vaults_double_plus_2, nicolae_vaults_diagonal_hallway_9,
          v_misc_26, nicolae_vaults_turnstiles, ontoclasm_vaults_claustrophobia,
          layout_vaults_maze, serial_shops, bzr_entry_dummy
Depths:1: layout_basic, minmay_room_of_horrors, chequers_jeans, hell_entry,
          nicolae_letterblocks [nicolae_letter_subblock,
          nicolae_letter_subblock, nicolae_letter_subblock,
          nicolae_letter_subblock, nicolae_letter_subblock,
          nicolae_letter_subblock, nicolae_letter_subblock,
          nicolae_letter_subblock, nicolae_letter_subblock,
          nicolae_letter_subblock, nicolae_letter_subblock,
          nicolae_letter_subblock, nicolae_letter_subblock,
          nicolae_letter_subblock, nicolae_letter_subblock,
          nicolae_letter_subblock, nicolae_letter_subblock,
          nicolae_letter_subblock, nicolae_letter_subblock,
          nicolae_letter_subblock, nicolae_letter_subblock,
          nicolae_letter_subblock, nicolae_letter_subblock,
          nicolae_letter_subblock, nicolae_letter_subblock]
Depths:2: gammafunk_sealed_library, layout_gridlike, enter_ziggurat_a,
          grunt_pan_entry_sceptre, hell_entry, elyvilon_altar_5, hex_tiny,
          led_sif_pool, infiniplex_staircase_zigzag_3, firewood_loft,
          uniq_enchantress, uniq_bai_suzhen, uniq_boris
Depths:3: minmay_bloctagon_deflated, layout_honeycomb, minmay_hedge_maze,
          pf_coc_iceberg, abyss_entry, nicolae_shop_distant_corner_stores,
          uniq_josephina, uniq_mennas, uniq_parghit
Depths:4: grunt_zot_entry_tricorne, layout_cave_shapes, serial_shops,
          bzr_entry_safe, grunt_mini_vestibule, muffindrake_ghost_dual_entry,
          nicolae_ru_the_path_less_chosen
Zot:1:    layout_onion
Zot:2:    gammafunk_dig_for_victory, layout_gridlike
Zot:3:    layout_onion
Zot:4:    grunt_twist_and_shout, layout_cathedral_of_symmetry
Zot:5:    layout_misc_corridors

Skill      XL: |  1  2  3  4  5  6  7  8  9 10 11 12 13 14 15 16 17 18 19 20 21 22 23 24 |
---------------+-------------------------------------------------------------------------+-----
Conjurations   | 2 3 4 5 6 8 10 11 12 13 14 18 | 18.0
Spellcasting   | 3 4 5 6 8 10 12 13 15 16 | 16.0
Earth Magic    | 4 5 6 |  6.0
Fighting       | 1 3 5 7 8 10 12 13 15 16 | 16.9
Stealth        | 2 5 |  5.0
Alchemy        | 4 8 10 11 12 | 12.0
Invocations    | 1 4 6 8 10 11 12 | 12.0
Armour         | 1 3 4 5 |  5.0
Dodging        | 3 4 5 |  5.0
Evocations     | 3 8 10 | 10.0
Hexes          | 6 7 |  7.0
Ice Magic      | 8 |  8.2
Air Magic      | 7 11 13 15 16 20 22 | 22.0
Fire Magic     | 6 12 13 14 15 | 15.0
Shields        | 3 5 12 14 15 | 15.0

Action                     |  1- 3 |  4- 6 |  7- 9 | 10-12 | 13-15 | 16-18 | 19-21 | 22-24 || total
---------------------------+-------+-------+-------+-------+-------+-------+-------+-------++-------
  Melee: Dagger            |       |     3 |       |       |       |       |       |       ||     3
         Rapier            |       |       |    15 |     9 |    58 |       |       |       ||    82
         Staff             |       |       |       |       |     9 |    18 |    16 |     1 ||    44
  Throw: Dart              |     2 |     6 |       |       |       |     1 |       |       ||     9
   Cast: Sandblast         |    46 |    34 |       |       |       |       |       |       ||    80
         Stone Arrow       |       |    31 |   106 |   193 |   207 |    16 |    10 |       ||   563
         Brom's Barrelling |       |       |     7 |     7 |     5 |       |       |       ||    19
         Irradiate         |       |       |       |    35 |   117 |   116 |    77 |    76 ||   421
         Olgreb's Toxic Ra |       |       |       |    28 |   100 |   151 |   306 |    55 ||   640
         Freezing Cloud    |       |       |       |       |    54 |   147 |    92 |    11 ||   304
         Starburst         |       |       |       |       |       |    56 |    20 |     8 ||    84
         Yara's Violent Un |       |       |       |       |       |     7 |    16 |    10 ||    33
         Ignite Poison     |       |       |       |       |       |    63 |   157 |    34 ||   254
         Plasma Beam       |       |       |       |       |       |       |   111 |   450 ||   561
         Orb of Destructio |       |       |       |       |       |       |       |    41 ||    41
         Maxwell's Capacit |       |       |       |       |       |       |       |     6 ||     6
         Passwall          |       |       |       |       |       |       |       |     1 ||     1
         Polar Vortex      |       |       |       |       |       |       |       |     1 ||     1
 Invoke: Channel Magic     |       |       |       |     1 |     1 |     2 |     5 |    14 ||    23
         Divine Exegesis   |       |       |       |       |       |       |       |     1 ||     1
Ability: Hop               |     1 |     3 |     2 |     5 |     7 |     6 |     4 |    13 ||    41
  Evoke: Wand              |       |     1 |       |     1 |     1 |       |       |    14 ||    17
         Box of beasts     |       |       |       |       |       |       |       |     1 ||     1
         Phantom mirror    |       |       |       |       |       |       |       |     1 ||     1
         Tin of tremorston |       |       |       |       |       |       |       |     1 ||     1
    Use: Scroll            |       |     1 |     8 |    14 |    20 |     3 |     3 |    30 ||    79
         Potion            |       |       |       |     1 |     5 |     3 |     1 |    20 ||    30
 Armour: Robe              |     7 |     8 |       |     6 |    19 |       |       |       ||    40
         Leather armour    |       |     5 |    25 |    27 |   293 |   427 |   344 |   220 ||  1341
         Troll leather arm |       |       |       |    66 |       |       |       |       ||    66
         Acid dragon scale |       |       |       |       |       |       |       |    32 ||    32
  Dodge: Dodged            |     7 |    17 |    32 |    83 |   234 |   188 |   143 |    88 ||   792
  Block: Buckler           |       |       |       |       |       |    69 |    39 |       ||   108
         Kite shield       |       |       |       |       |       |       |   155 |   180 ||   335
